 Dungeon Crawl Stone Soup version 0.29-a0-284-gf9362112df (webtiles) character file.

Game seed: 13222662390972634317

1454 rabbitsville the Archer (level 8, -2/40 HPs)
             Began as a Spriggan Hunter on Mar 15, 2022.
             Was a Follower of Dithmenos.
             Slain by Duvessa
             ... wielding a +0 short sword
              (17 damage)
             ... on level 7 of the Dungeon.
             The game lasted 00:41:58 (8005 turns).

rabbitsville the Archer (Spriggan Hunter)           Turns: 8005, Time: 00:41:58

Health: -2/40      AC:  2    Str: 11 (12) XL:     8   Next: 47%
Magic:  9/9        EV: 18    Int:  9 (10) God:    Dithmenos [*.....]
Gold:   257        SH:  0    Dex: 21      Spells: 7/7 levels left

rFire   + . .      SeeInvis +   b - +7 spear of Gozag's Approval {venom, Str+5}
rCold   . . .      Faith    .   (no shield)
rNeg    + . .      Spirit   .   q - +0 robe
rPois   .          Reflect  .   (helmet restricted)
rElec   .          Harm     .   n - scarf {repulsion}
rCorr   .          Rampage  .   (gloves unavailable)
Will    +....                   (boots unavailable)
Stlth   +++++.....              (no amulet)
HPRegen 0.13/turn               r - ring of positive energy
MPRegen 0.11/turn               y - ring of protection from fire

@: wreathed by umbra, repel missiles, very quick
A: very small, no large weapons, unfitting armour, see invisible, speed 3
a: Renounce Religion


You were on level 7 of the Dungeon.
You worshipped Dithmenos.
Dithmenos was aware of your devotion.
You visited 2 branches of the dungeon, and saw 8 of its levels.

You collected 257 gold pieces.

Inventory:

Hand Weapons
 a - a +1 shortbow
 b - the +7 spear of Gozag's Approval (weapon) {venom, Str+5}
   (You found it on level 6 of the Dungeon)

   It poisons the flesh of those it strikes.
   Str:       It affects your strength (+5).
Armour
 n - a scarf of repulsion (worn)
 q - a +0 robe (worn)
Jewellery
 r - a ring of positive energy (left hand)
 w - a ring of ice
 x - a ring of wizardry
 y - a ring of protection from fire (right hand)
 E - an amulet of reflection
Wands
 v - a wand of digging (4)
Scrolls
 c - 2 scrolls of immolation
 d - 2 scrolls of enchant armour {unknown}
 e - a scroll of brand weapon {unknown}
 g - 2 scrolls of teleportation
 i - 3 scrolls of fog
 j - 3 scrolls of identify
 k - a scroll of noise {unknown}
 m - a scroll of blinking {unknown}
 p - 3 scrolls of magic mapping {unknown}
 t - a scroll of enchant weapon {unknown}
 A - a scroll of amnesia {unknown}
 D - a scroll of fear {unknown}
Potions
 f - a potion of ambrosia {unknown}
 h - a potion of brilliance
 l - a potion of might {unknown}
 o - a potion of berserk rage {unknown}
 u - a potion of curing
 z - 2 potions of heal wounds
 B - a potion of haste {unknown}
 C - a potion of resistance {unknown}


   Skills:
 + Level 3.5 Fighting
 - Level 1.0 Maces & Flails
 + Level 2.3 Polearms
 + Level 9.6 Bows
 - Level 2.6 Dodging
 - Level 9.0 Stealth


You had 7 spell levels left.
You didn't know any spells.
Your spell library contained the following spells:

 Spells                   Type           Power      Damage    Failure   Level
 Summon Small Mammal      Summ           0%         N/A       38%         1
 Sublimation of Blood     Necr           0%         N/A       52%         2
 Wereblood                Tmut           0%         N/A       52%         2
 Call Canine Familiar     Summ           0%         N/A       77%         3
 Conjure Flame            Conj/Fire      0%         6-21      77%         3
 Gell's Gravitas          Tloc           0%         N/A       77%         3
 Ignite Poison            Fire/Tmut/Pois 0%         N/A       77%         3
 Lesser Beckoning         Tloc           0%         N/A       77%         3
 Summon Guardian Golem    Hex/Summ       0%         N/A       77%         3
 Teleport Other           Tloc           0%         N/A       77%         3
 Sticky Flame             Conj/Fire      0%         2d3       99%         4
 Dispersal                Tloc           0%         N/A       100%        6
 Summon Hydra             Summ           0%         N/A       100%        7


Dungeon Overview and Level Annotations

Branches:
Dungeon (7/15)             Temple (1/1) D:5

Altars:
Cheibriados
Dithmenos
Kikubaaqudgha
Nemelex Xobeh
Okawaru
Qazlal
Sif Muna
Uskayaw
Xom
Beogh

Shops:
D:4 (   D:5 *

Annotations:
D:3 3 runed translucent doors, Crazy Yiuf; boltboy's ghost, amateur FoFi
D:7 Duvessa


Innate Abilities, Weirdness & Mutations

You are very small and have problems with some larger weapons.
You are too small for most types of armour.
You have supernaturally acute eyesight. (SInv)
You cover ground extremely quickly. (Speed+++)


Message History

The necrophage is almost destroyed.
Shoot: a) +1 shortbow
Press: ? - help, Q - select action Shift-Dir - straight line, f/p - necrophage
Aim: a necrophage (almost destroyed, umbra, 68% to hit)
You shoot an arrow. The arrow hits the necrophage!
You destroy the necrophage!
Dithmenos accepts your kill.
You feel your dexterity returning.
E - an amulet of reflection
Okay, then.
You drop 2 potions of degeneration.
There is an escape hatch in the ceiling here.
There is an escape hatch in the ceiling here.
Found a stone staircase leading down.
Duvessa goes berserk!
Shoot: a) +1 shortbow
Press: ? - help, Q - select action Shift-Dir - straight line, f - Duvessa
Aim: Duvessa, wielding a +0 short sword and wearing a +2 ring mail of cold resistance (berserk, 74% to hit)
You shoot an arrow.
The arrow hits Duvessa but does no damage.
Shoot: a) +1 shortbow
Press: ? - help, Q - select action Shift-Dir - straight line, f/p - Duvessa
Aim: Duvessa, wielding a +0 short sword and wearing a +2 ring mail of cold resistance (berserk, 74% to hit)
You shoot an arrow. The arrow hits Duvessa.
Duvessa is lightly wounded.
Duvessa closely misses you.
You feel stronger.
The +7 spear of Gozag's Approval {venom, Str+5} begins to drip with poison!
b - the +7 spear of Gozag's Approval (weapon)
{venom, Str+5} Duvessa hits you with a +0 short sword!
You hit Duvessa.
Duvessa is poisoned.
Duvessa is lightly wounded.
Duvessa hits you with a +0 short sword. Duvessa completely misses you.
You hit Duvessa.
Duvessa looks as sick as possible!
Duvessa is lightly wounded.
Duvessa hits you with a +0 short sword!
You hit Duvessa.
Duvessa looks as sick as possible!
Duvessa is lightly wounded.
Duvessa completely misses you. Duvessa hits you with a +0 short sword!
You die...

##..## #####
##.### #..# #..#
##.## #..##
#...##########
#..e...>......
###..@..........
##......#########
#......##
######.## ##.#
###


You could see Duvessa (berserk, extremely poisoned).

Vanquished Creatures
  Prince Ribbit (D:6)
  A water moccasin (D:5)
  An ice beast (D:6)
  2 ogres
  A necrophage (D:7)
  2 kobold brigands
  A scorpion (D:6)
  Dowan (D:7)
  2 howler monkeys (D:5)
  6 hounds
  A jelly (D:6)
  An orc priest (D:5)
  Terence (D:3)
  4 iguanas
  4 adders
  A gnoll (D:1)
  2 ufetubi (D:5)
  A worm (D:5)
  3 dart slugs
  19 orcs
  8 ball pythons
  7 endoplasms
  2 giant cockroaches
  A goblin (D:1)
  4 hobgoblins
  8 jackals
  6 quokkas
  2 bats (D:2)
  2 frilled lizards
  15 kobolds
  4 rats
114 creatures vanquished.

Notes
Turn   | Place    | Note
-------+----------+-------------------------------------------
     0 | D:1      | rabbitsville the Spriggan Hunter began the quest for the
                  | Orb.
     0 | D:1      | Reached XP level 1. HP: 10/10 MP: 2/2
   138 | D:1      | Reached skill level 5 in Bows
   163 | D:1      | Reached XP level 2. HP: 14/14 MP: 3/3
   457 | D:1      | Reached XP level 3. HP: 18/18 MP: 4/4
   901 | D:1      | Noticed an orc warrior
  1814 | D:2      | Found an iron altar of Okawaru.
  2145 | D:3      | Found a runed translucent door.
  2147 | D:3      | Noticed boltboy's ghost (amateur FoFi)
  2171 | D:3      | Identified the +1 mace of the Warrior-Mage {drain, rElec
                  | rCorr}
  2192 | D:3      | Reached XP level 4. HP: 22/22 MP: 5/5
  2309 | D:3      | Noticed Terence
  2524 | D:3      | Killed Terence
  2525 | D:3      | Reached skill level 5 in Stealth
  2630 | D:3      | Found an ancient bone altar of Kikubaaqudgha.
  2817 | D:3      | Found a runed translucent door.
  2818 | D:3      | Noticed Crazy Yiuf
  2891 | D:3      | Found a runed translucent door.
  3091 | D:4      | Reached XP level 5. HP: 25/25 MP: 6/6
  3627 | D:4      | Found Dulaut's Antique Weapon Boutique.
  4354 | D:5      | Entered Level 5 of the Dungeon
  4380 | D:5      | Reached XP level 6. HP: 30/30 MP: 7/7
  4400 | D:5      | Found Ogruugra's CLEARANCE SALE!.
  4448 | D:5      | Noticed a water moccasin
  4486 | D:5      | Killed a water moccasin
  4695 | D:5      | Found a staircase to the Ecumenical Temple.
  4705 | Temple   | Entered the Ecumenical Temple
  4775 | Temple   | Became a worshipper of Dithmenos the Shadowed
  4870 | D:5      | Reached XP level 7. HP: 33/33 MP: 8/8
  5618 | D:6      | Reached skill level 1 in Maces & Flails
  5640 | D:6      | Identified the +7 spear of Gozag's Approval {venom, Str+5}
  6070 | D:6      | Noticed Prince Ribbit
  6093 | D:6      | Killed Prince Ribbit
  6094 | D:6      | Reached skill level 1 in Polearms
  6094 | D:6      | Reached XP level 8. HP: 21/39 MP: 9/9
  6682 | D:7      | Noticed Duvessa
  6684 | D:7      | Noticed Dowan
  6938 | D:7      | Reached * piety under Dithmenos
  6949 | D:7      | Killed Dowan
  8005 | D:7      | Slain by Duvessa

Illustrated notes

Levels and vault maps discovered:
D:1:      erik_arrival_cave_to_civilisation [erik_arrival_cave_to_temple],
          layout_basic
D:2:      layout_basic, basic_altar, minivault_5, kennysheep_generic_room_3
D:3:      layout_rooms, kiku_gazebo_pond_becter, ebering_ghost_sewer_f,
          uniq_crazy_yiuf_cottage, uniq_terence
D:4:      layout_basic, serial_shops, nicolae_shop_waterfront
D:5:      layout_basic, lemuel_temple_firewalk_b, minmay_misc_feat_chi,
          nicolae_shop_clearance
D:6:      layout_rooms, uniq_prince_ribbit1
D:7:      layout_layer_cave, uniq_duvessa
Temple:   mainiacjoe_temple_circle_huts

Skill      XL: |  1  2  3  4  5  6  7  8 |
---------------+-------------------------+-----
Stealth        | 2 3 4 5 6 8 9 |  9.0
Bows           | 5 6 7 8 9 |  9.6
Fighting       | 2 3 |  3.5
Maces & Flails | 1 |  1.0
Polearms       | 1 2 |  2.3
Dodging        | |  2.6

Action                   |  1- 3 |  4- 6 |  7- 9 || total
-------------------------+-------+-------+-------++-------
Melee: Mace              |       |    18 |    17 ||    35
       Spear             |       |       |    28 ||    28
 Fire: Shortbow          |    86 |   125 |   119 ||   330
  Use: Potion            |       |     1 |     3 ||     4
       Scroll            |       |       |     4 ||     4
 Stab: Sleeping          |       |       |     1 ||     1
Armor: Robe              |     1 |     2 |     3 ||     6
Dodge: Dodged            |    16 |    27 |    82 ||   125
       Repelled          |       |     1 |     1 ||     2

Table legend: (Time is in decaauts)
 A = Elapsed time spent in this place.
 B = Non-inter-level travel time spent in this place.
 C = Inter-level travel time spent in this place.
 D = Time resting spent in this place.
 E = Time spent auto-exploring this place.
 F = Levels seen in this place.
 G = Mean time per level.
                   A        B        C        D        E       F      G
               +--------+--------+--------+--------+--------+-----+--------+
         Total |   5984 |   5794 |    190 |   2041 |   1767 |   8 |  748.0 |
       Dungeon |   5934 |   5751 |    183 |   2041 |   1734 |   7 |  847.7 |
        Temple |     50 |     44 |      6 |      0 |     32 |   1 |   50.0 |
               +--------+--------+--------+--------+--------+-----+--------+

Top non-repeatable levels by time:
     D:6: 1770 daAuts
     D:2: 805 daAuts
     D:3: 777 daAuts
     D:4: 730 daAuts
     D:1: 691 daAuts
     D:5: 627 daAuts
     D:7: 533 daAuts
  Temple: 50 daAuts
